 Dungeon Crawl Stone Soup version 0.13.1-27-ga479965 (webtiles) character file.

278 Vaporizer696 the Covered (level 5, 0/42 HPs)
             Began as a Human Fighter on Feb 19, 2014.
             Succumbed to a kobold's poison
             ... on Level 3 of the Dungeon.
             The game lasted 00:23:31 (2325 turns).

Vaporizer696 the Covered (Human Fighter)            Turns: 2325, Time: 00:23:32

HP   0/42        AC  7     Str 23      XL: 5   Next:  8%
MP   4/4         EV  7     Int  8      God:
Gold 173         SH 19     Dex 12      Spells:  0 memorised,  4 levels left

Res.Fire  : . . .   See Invis. : .   a - +0 falchion
Res.Cold  : . . .   Warding    : +   b - +0 scale mail
Life Prot.: + . .   Conserve   : .   c - +0 shield
Res.Poison: .       Res.Corr.  : .   (no helmet)
Res.Elec. : .       Clarity    : .   (no cloak)
Sust.Abil.: . .     Spirit.Shd : .   (no gloves)
Res.Mut.  : .       Stasis     : .   (no boots)
Res.Rott. : .       Flight     : .   d - amulet of warding {unknown}
Saprovore : . . .                    (no ring)
                                     (no ring)

@: mighty, quite poisoned, slightly resistant to hostile enchantments, extremely
unstealthy
A: carnivore 1, wild magic 1
a: no special abilities


You were on level 3 of the Dungeon.
You were not hungry.

You visited 1 branch of the dungeon, and saw 3 of its levels.

You collected 153 gold pieces.

Inventory:

Hand weapons
 a - a +0,+0 falchion (weapon)
 w - a cursed +0,-2 dwarven falchion
Missiles
 f - 5 darts (quivered)
 h - 32 arrows
 k - 77 stones
 l - 47 bolts
 r - 10 poisoned needles
Armour
 b - a +0 scale mail (worn)
 c - a +0 shield (worn)
 g - a +0 elven robe
 i - a +0 robe
 j - a +2 elven robe
 m - a +1 dwarven ring mail
 v - a +1 robe of resistance
Comestibles
 n - a choko
 x - a lychee
Scrolls
 e - a scroll of random uselessness {unknown}
 o - 3 scrolls of blinking {unknown}
 p - a scroll of identify {unknown}
 q - a scroll of enchant armour {unknown}
Jewellery
 d - an amulet of warding (around neck) {unknown}
Potions
 z - a potion of restore abilities
 A - a potion of speed


   Skills:
 + Level 3.3 Fighting
 + Level 2.6 Long Blades
 + Level 3.7 Armour
 + Level 1.5 Dodging
 + Level 3.7 Shields


You had 4 spell levels left.
You didn't know any spells.

Dungeon Overview and Level Annotations

Branches:
Dungeon (3/27)

Altars:
Xom


Innate Abilities, Weirdness & Mutations

Your digestive system is specialised to digest meat.
Your spells are a little harder to cast, but a little more powerful.


Message History

* * * LOW HITPOINT WARNING * * *
You feel very sick.
You see here a poisoned needle.
* * * LOW HITPOINT WARNING * * *
You feel sick.
* * * LOW HITPOINT WARNING * * *
You feel sick.
Things that are here:
an uncursed orcish club; an uncursed blowgun; 9 poisoned needles a kobold corpse You feel very mighty all of a sudden.
It was a potion of might.
* * * LOW HITPOINT WARNING * * *
You feel very sick.
You feel a little better.
You start resting.
* * * LOW HITPOINT WARNING * * *
You feel sick. Magic courses through your body.
It was a potion of magic.
You die...

### ..≈ #....##### ... #.#
#........ #.# #(# #......#
#.# #.#####......#
#.###........#...####
####..........(........#
...)>..........((......##
.########.####...(......##
.....# #.#####.@.........
####.# #.##..((.(.$.##.##
#.# #.#...#.#....# #
#.####.(.#...####.#
#.....##...### .#
#####.###.## <. ##.#.##.
#. ##.###.#. #####.## #..


There were no monsters in sight!

Vanquished Creatures
  Jessica (D:2)
  4 adders (D:2)
  A worm (D:2)
  2 giant geckos
  A ball python (D:2)
  7 bats
  2 giant cockroaches (D:1)
  7 goblins
  4 jackals (D:2)
  7 kobolds
  A giant newt (D:1)
  8 rats
  A bush (D:2)
  2 plants
48 creatures vanquished.

Notes
Turn   | Place    | Note
--------------------------------------------------------------
     0 | D:1      | Vaporizer696, the Human Fighter, began the quest for the Orb.
     0 | D:1      | Reached XP level 1. HP: 18/18 MP: 0/0
    75 | D:1      | Reached XP level 2. HP: 16/24 MP: 1/1
   973 | D:2      | Reached XP level 3. HP: 10/30 MP: 2/2
   975 | D:2      | Gained mutation: Your digestive system is specialised to digest meat. [potion of mutation]
   975 | D:2      | Gained mutation: Your spells are a little harder to cast, but a little more powerful. [potion of mutation]
  1292 | D:2      | 17mthomas: dwfcecxde
  1300 | D:2      | Reached skill level 1 in Dodging
  1306 | D:2      | Vaporizer696: hh
  1401 | D:2      | Reached XP level 4. HP: 30/36 MP: 3/3
  1497 | D:2      | Noticed Jessica
  1506 | D:2      | HP: 1/36 [adder (2)]
  1507 | D:2      | 17mthomas: You
  1516 | D:2      | Killed Jessica
  1693 | D:2      | Reached XP level 5. HP: 39/42 MP: 4/4
  1738 | D:2      | Vaporizer696: how do move diagonally
  2246 | D:3      | 17mthomas: Number pad
  2277 | D:3      | Found a shimmering altar of Xom.
  2323 | D:3      | HP: 2/42 [poisoned by a kobold]
  2325 | D:3      | Succumbed to a kobold's poison

Action                   |  1- 3 |  4- 6 || total
-------------------------+-------+-------++-------
Melee: Falchion          |   148 |   249 ||   397
  Use: Potion            |     2 |     4 ||     6
